 Dungeon Crawl Stone Soup version 0.32-a0-401-g0bcb2a7693 (webtiles) character file.

Game seed: 3105673476097190666

117553 Pascal76 the Severer (level 16, -5/149 HPs)
             Began as a Minotaur Fighter on Feb 20, 2024.
             Was the Champion of Okawaru.
             Slain by an orc knight
             ... wielding a +0 long sword
              (20 damage)
             ... on level 2 of the Orcish Mines.
             The game lasted 01:00:39 (20039 turns).

Pascal76 the Severer (Minotaur Fighter)            Turns: 20039, Time: 01:00:40

Health: -5/149     AC: 28    Str: 40    XL:     16   Next: 23%
Magic:  15/15      EV:  9    Int:  5    God:    Okawaru [******]
Gold:   440        SH:  8    Dex: 11    Spells: 9/15 levels left

rFire   + . .        X - +2 broad axe (flame)
rCold   + . .        L - +1 buckler {rC+ rF+}
rNeg    . . .        c - +0 storm dragon scales
rPois   .            B - +1 hat
rElec   +            V - +2 cloak
rCorr   .            t - +2 pair of gloves
SInv    .            h - +2 pair of boots
Will    +....        I - amulet of regeneration Stlth
                     F - +6 ring of strength
HPRegen 1.24/turn    U - +6 ring of strength
MPRegen 0.14/turn

%: no passive effects
@: lethally poisoned (-5 -> -16), studying Air Magic
A: horns 2, retaliatory headbutt
a: Renounce Religion, Heroism, Finesse, Duel, Receive Weapon, Receive Armour


You were on level 2 of the Orcish Mines.
You worshipped Okawaru.
Okawaru was exalted by your worship.
You visited 4 branches of the dungeon, and saw 22 of its levels.
You also visited: Ossuary and Bailey.

You collected 1509 gold pieces.
You spent 1069 gold pieces at shops.

Inventory:

Hand Weapons
 a - a +2 war axe
 f - a +1 hand axe of flaming
 j - a +0 battleaxe
 k - the +1 quick blade of Trauma {elec, Dex+5}
   (You found it on level 14 of the Dungeon)

   Dex+5:     It affects your dexterity (+5).
 X - a +2 broad axe of flaming (weapon)
Missiles
 m - 138 stones
 y - 17 poisoned darts
 O - 10 boomerangs (quivered)
Armour
 c - +0 storm dragon scales (worn)
 h - a +2 pair of boots (worn)
 t - a +2 pair of gloves (worn)
 B - a +1 hat (worn)
 H - +2 gold dragon scales
 K - the +0 fire dragon scales "Hetuubuc" {rF++ rC- Will+ Dex+3 Slay+6}
   (You found it in a bailey)

   Dex+3:     It affects your dexterity (+3).
   Slay+6:    It affects your accuracy & damage with ranged weapons and melee
   (+6).
   rF++:      It greatly protects you from fire.
   rC-:       It makes you vulnerable to cold.
   Will+:     It increases your willpower.
 L - a +1 buckler of resistance (worn)
 V - a +2 cloak (worn)
Jewellery
 e - a ring of protection from cold
 g - a +5 ring of evasion
 q - a +5 ring of evasion
 F - a +6 ring of strength (left hand)
 I - an amulet of regeneration (around neck)
 P - a +6 ring of dexterity
 U - a +6 ring of strength (right hand)
Wands
 r - a wand of roots (21)
 u - a wand of flame (53)
 x - a wand of digging (4)
 A - a wand of paralysis (25)
 E - a wand of mindburst (10)
 N - a wand of polymorph (1)
 Q - a wand of acid (6)
Scrolls
 n - 2 scrolls of blinking
 p - 2 scrolls of immolation
 w - 3 scrolls of amnesia
 C - 8 scrolls of teleportation
 G - a scroll of fog
 R - a scroll of fear
 S - 6 scrolls of identify
 Y - 2 scrolls of noise {unknown}
Potions
 b - 3 potions of resistance
 d - 3 potions of might
 i - 22 potions of curing
 l - 4 potions of mutation
 o - 7 potions of brilliance
 s - 2 potions of attraction
 v - 2 potions of lignification
 z - 4 potions of cancellation
 D - 3 potions of enlightenment
 J - a potion of heal wounds
 M - 2 potions of magic
 T - 4 potions of degeneration
Miscellaneous
 W - a lightning rod (4/4)
 Z - a phial of floods


   Skills:
 + Level 15.1 Fighting
 + Level 16.8 Axes
 * Level 13.1 Throwing
 + Level 14.8 Armour
 + Level 14.8 Shields


You had 9 spell levels left.
You knew the following spells:

 Your Spells              Type           Power      Damage    Failure   Level
a - Cigotuvi's Dreadful   Necr/Alch/Air  0%         N/A       91%         2
b - Scorch                Fire           0%         2d5       91%         2
c - Freeze                Ice            0%         1d3       80%         1
d - Sting                 Conj/Alch      0%         1d3       80%         1

Your spell library contained the following spells:

 Spells                   Type           Power      Damage    Failure   Level
 Lesser Beckoning         Tloc           0%         N/A       91%         2
 Mercury Vapours          Alch/Air       0%         N/A       91%         2
 Frozen Ramparts          Ice            0%         1d1       99%         3
 Gell's Gravitas          Tloc           0%         N/A       99%         3
 Hailstorm                Conj/Ice       0%         3d5       99%         3
 Teleport Other           Tloc           0%         N/A       99%         3
 Flame Wave               Conj/Fire      0%         2d4       100%        4
 Ignite Poison            Fire/Alch      0%         N/A       100%        4
 Olgreb's Toxic Radiance  Alch           0%         N/A       100%        4
 Borgnjor's Vile Clutch   Necr/Erth      0%         N/A       100%        5
 Freezing Cloud           Conj/Ice/Air   0%         6-21      100%        5
 Animate Dead             Necr           Unusable   N/A       N/A         4
 Death Channel            Necr           Unusable   N/A       N/A         6
 Summon Cactus Giant      Summ           Unusable   N/A       N/A         6
 Malign Gateway           Summ/Tloc      Unusable   N/A       N/A         7
 Summon Horrible Things   Summ           Unusable   N/A       N/A         8

Dungeon Overview and Level Annotations

Branches:
Dungeon (14/15)            Temple (1/1) D:7            Lair (5/5) D:10
  Swamp (0/4) Lair:3        Snake (0/4) Lair:2        Slime (0/5) Lair:4
    Orc (2/2) D:9             Elf (0/3) Orc:2        Vaults (0/5) D:13
Ossuary (visited)          Bailey (visited)

Altars:
Ashenzari
Cheibriados
Dithmenos
Elyvilon
Fedhas
Gozag
Hepliaklqana
Kikubaaqudgha
Makhleb
Nemelex Xobeh
Okawaru
Qazlal
Ru
Sif Muna
Trog
Uskayaw
Vehumet
Wu Jian
Xom
Yredelemnul
Zin
The Shining One
Jiyva

Shops:
D:3 !   D:9 :*   D:10 (*==(   Orc:2 (:*


Innate Abilities, Weirdness & Mutations

You have a pair of horns on your head.
You reflexively headbutt those who attack you in melee.


Message History

You feel extremely sick.
The orc knight hits you with a +0 long sword!
The soul eater hits you but does no damage.
You slice the orc warlord!! You burn the orc warlord!
You headbutt the orc warlord.
The orc warlord is heavily wounded.
You hit the orc knight. You burn the orc knight.
You barely miss the soul eater.
You feel very sick.
The orc warlord roars a battlecry!
The orc knight barely misses you. You furiously retaliate!
You headbutt the orc knight, but do no damage.
An orc wizard comes into view. It is wielding a +0 dagger.
The orc priest calls upon Beogh to heal the orc warlord.
The orc warlord is healed somewhat.
You hear a shout!
You barely miss the orc high priest.
You hit the orc knight but do no damage.
You hit the orc warlord. You burn the orc warlord.
You closely miss the soul eater.
You feel very sick.
The soul eater hits you but does no damage.
The orc high priest hits you but does no damage.
You block the orc knight's attack.
An orc priest comes into view. It is wielding a +0 hand axe.
The orc warlord roars a battlecry!
Aiming: Paralyse
Press: ? - help, Shift-Dir - straight line, f - orc warlord
Aim: an orc warlord, wielding a +1 dire flail of venom and wearing a +0 chain mail (heavily wounded, strong, chance to affect: 17%)
The orc warlord resists with almost no effort.
You feel extremely sick.
The soul eater hits you but does no damage.
The orc high priest hits you with a +0 hand axe.
* * * LOW HITPOINT WARNING * * *
The orc priest mumbles some strange prayers to Beogh against you.
Beogh smites you!
* * * LOW HITPOINT WARNING * * *
An orc comes into view. It is wielding a +0 whip.
The orc knight hits you with a +0 long sword!!
You die...

......)....#.........
..........)#..........o
.#....#).÷..#.#....#.o.
####.###.....#......o##.
# #####..............o.#
###.###............o...
........).....).<...##
............#.†oo3...#
..#.#......#...$@o..#
.................3......
.##.....#.........#.....
.......##...............
.........#..............
........................
...)....................
)...)..................
.....))..............


You could see an orc warlord (strong), an orc knight (strong), a soul eater
(summoned), an orc high priest (strong), a sun demon (summoned), an orc warrior
(strong), 2 orc priests, an orc wizard (strong) and an orc (strong).

Vanquished Creatures
  A storm dragon (D:14)
  The ghost of Veeruq the Blocker, a journeyman DsFi of Okawaru (Lair:4)
  Nessos (Lair:4)
  2 dire elephants (Lair:5)
  Snorg (D:14)
  Josephine (D:12)
  6 hydras
  2 centaur warriors (D:13)
  A dancing weapon (Lair:4)
  4 two-headed ogres
  5 boulder beetles
  4 death yaks (Lair:5)
  Sonja (D:13)
  A spectral death yak (Lair:5)
  6 sixfirhies (D:14)
  5 skeletal warriors (D:12)
  A spectral anaconda (Lair:5)
  Pikel (D:7)
  A lindwurm (Lair:2)
  3 necromancers (Lair:5)
  3 orc sorcerers (Orc:2)
  An obsidian statue (Lair:5)
  2 deep elf pyromancers
  2 orc knights (Orc:2)
  4 ugly things
  2 cyclopes
  A meliai (shapeshifter) (D:13)
  11 elephants
  A wolf spider (Lair:2)
  2 dire elephant zombies (Lair:5)
  2 kobold blastminers (Orc:2)
  6 black mambas
  7 cane toads
  5 gargoyles
  A freezing wraith (D:14)
  Psyche (D:8)
  12 komodo dragons
  5 trolls
  3 polar bears
  20 blink frogs
  6 dream sheep (Lair:3)
  2 raiju (D:14)
  3 shadows
  Sigmund (D:4)
  A water elemental (D:11)
  14 wyverns
  60 yaks
  A vampire (Bailey)
  A centaur simulacrum (D:14)
  8 wraiths
  3 basilisks
  4 wargs
  3 vampire mosquitoes (D:11)
  A redback (shapeshifter) (D:13)
  2 steam dragons
  Menkaure (D:4)
  2 death yak simulacra (Lair:5)
  Edmund (D:6)
  3 acid dragons
  2 swamp worms (Lair:3)
  22 water moccasins
  An ice beast (D:6)
  2 sky beasts (D:8)
  3 elephant zombies (Lair:5)
  4 black bears
  20 orc warriors
  2 laughing skulls (D:14)
  12 centaurs
  5 boggarts (D:14)
  An ogre (D:5)
  22 wolves
  3 lemures (D:7)
  An elephant skeleton (Lair:5)
  11 phantoms
  10 bullfrogs
  3 cane toad simulacra (Lair:5)
  12 scorpions
  A water moccasin zombie (D:4)
  3 wights (D:7)
  An elephant simulacrum (Lair:5)
  10 killer bees
  2 howler monkeys
  7 vampire bats (Bailey)
  6 electric eels
  5 wolf zombies (Bailey)
  A bullfrog zombie (D:4)
  7 jellies
  8 centaur zombies
  A hound (D:7)
  2 bombardier beetles
  2 human zombies (Ossuary)
  13 orc priests
  A bullfrog skeleton (D:4)
  3 iguanas
  6 sleepcaps (D:7)
  17 orc wizards
  10 scorpion zombies
  4 killer bee zombies (D:7)
  2 hound zombies (D:4)
  3 mummies (Ossuary)
  5 adders
  14 gnolls
  5 shadow imps (D:7)
  A white imp (D:5)
  11 adder zombies
  4 dart slugs
  2 ribbon worms
  39 orcs
  4 endoplasms
  5 giant cockroaches
  6 goblins
  3 hobgoblins (D:2)
  4 jackals (D:1)
  4 kobolds
  3 quokkas
  4 ball pythons
  4 ball python zombies (Ossuary)
  7 bats
  3 frilled lizards
  24 orc zombies
  A rat (D:3)
660 creatures vanquished.

Vanquished Creatures (others)
  A boggart (D:14)
1 creature vanquished.

Grand Total: 661 creatures vanquished

Notes
Turn   | Place    | Note
-------+----------+-------------------------------------------
     0 | D:1      | Pascal76 the Minotaur Fighter began the quest for the Orb.
     0 | D:1      | Reached XP level 1. HP: 19/19 MP: 0/0
   144 | D:1      | Reached XP level 2. HP: 27/27 MP: 1/1
   430 | D:1      | Reached skill level 3 in Axes
   754 | D:1      | Reached XP level 3. HP: 33/33 MP: 2/2
  1252 | D:3      | Reached XP level 4. HP: 36/40 MP: 1/3
  1257 | D:3      | Reached skill level 1 in Throwing
  1264 | D:3      | Reached skill level 4 in Axes
  1409 | D:3      | Reached XP level 5. HP: 42/47 MP: 4/4
  1565 | D:3      | Found Astruez's Distillery.
  1577 | D:3      | Bought a potion of heal wounds for 55 gold pieces
  1614 | D:3      | Found a sacrificial altar of Ru.
  1629 | D:3      | Reached XP level 6. HP: 53/53 MP: 5/5
  1900 | D:4      | Reached skill level 5 in Axes
  1971 | D:4      | Reached skill level 5 in Fighting
  1971 | D:4      | Reached skill level 5 in Armour
  1971 | D:4      | Reached skill level 5 in Shields
  1979 | D:4      | Reached XP level 7. HP: 56/61 MP: 6/6
  1986 | D:4      | Reached skill level 6 in Axes
  2064 | D:4      | Noticed Sigmund
  2097 | D:4      | Killed Sigmund
  2389 | D:4      | Noticed Menkaure
  2397 | D:4      | Killed Menkaure
  2593 | D:4      | Reached skill level 7 in Axes
  2593 | D:4      | Reached XP level 8. HP: 65/70 MP: 5/7
  2919 | D:5      | Entered Level 5 of the Dungeon
  3081 | D:5      | Found a basalt altar of Yredelemnul.
  3258 | D:5      | Reached skill level 8 in Axes
  3274 | D:5      | Found an opulent altar of Gozag.
  3275 | D:5      | Found a glowing golden altar of the Shining One.
  3275 | D:5      | Found a blossoming altar of Fedhas.
  4183 | D:6      | Reached XP level 9. HP: 63/78 MP: 6/8
  4288 | D:6      | Noticed Edmund
  4299 | D:6      | Killed Edmund
  4347 | D:6      | Found a sand-covered staircase.
  4355 | Ossuary  | Entered an ossuary
  4377 | Ossuary  | Reached skill level 9 in Axes
  4626 | Ossuary  | Reached skill level 5 in Throwing
  4930 | D:6      | Identified the +0 robe of the Bouncing Beggars {rPois rC+}
  5496 | D:7      | Reached skill level 10 in Axes
  5612 | D:7      | Found a staircase to the Ecumenical Temple.
  5645 | D:7      | Reached XP level 10. HP: 64/88 MP: 9/9
  5648 | D:7      | Found a flagged portal.
  5678 | Temple   | Entered the Ecumenical Temple
  5690 | Temple   | Became a worshipper of Warmaster Okawaru
  5736 | Bailey   | Entered a bailey
  6014 | Bailey   | Identified the +0 fire dragon scales "Hetuubuc" {rF++ rC-
                  | Will+ Dex+3 Slay+6}
  6044 | Bailey   | Noticed a gargoyle
  6053 | Bailey   | Killed a gargoyle
  6118 | Bailey   | Reached * piety under Okawaru
  6145 | Bailey   | Reached skill level 11 in Axes
  6310 | D:7      | Found a broken altar of Ashenzari.
  6906 | D:7      | Reached ** piety under Okawaru
  7017 | D:7      | Noticed Pikel
  7038 | D:7      | Killed Pikel
  7039 | D:7      | Reached skill level 12 in Axes
  7056 | D:7      | Identified the +2 dagger "Worm" {speed, rC- rCorr Str+7}
  7377 | D:8      | Reached XP level 11. HP: 81/97 MP: 10/10
  7389 | D:8      | Reached *** piety under Okawaru
  7923 | D:8      | Noticed Psyche
  7935 | D:8      | Killed Psyche
  8217 | D:8      | Noticed a two-headed ogre
  8227 | D:8      | Killed a two-headed ogre
  8227 | D:8      | Reached **** piety under Okawaru
  8483 | D:9      | Found Ipruw's Tremendous Tomes.
  8498 | D:9      | Learned a level 2 spell: Cigotuvi's Dreadful Rot
  8501 | D:9      | Learned a level 2 spell: Scorch
  8619 | D:9      | Found a radiant altar of Vehumet.
  8818 | D:9      | Found a staircase to the Orcish Mines.
  8873 | D:9      | Found Han Cox's Hallowed Reliquary.
  8878 | D:9      | Noticed an angel
  8883 | D:9      | Bought a potion of curing for 30 gold pieces
  8883 | D:9      | Bought a potion of curing for 30 gold pieces
  8883 | D:9      | Bought a potion of curing for 30 gold pieces
  8883 | D:9      | Bought a potion of curing for 30 gold pieces
  8883 | D:9      | Bought a potion of curing for 30 gold pieces
  9209 | D:10     | Entered Level 10 of the Dungeon
  9209 | D:10     | Found Yvawuant's Jewellery Boutique.
  9262 | D:10     | Reached skill level 10 in Fighting
  9278 | D:10     | Found a staircase to the Lair.
  9283 | D:10     | Reached skill level 10 in Shields
  9285 | D:10     | Reached skill level 10 in Armour
  9320 | D:10     | Reached skill level 13 in Axes
  9650 | D:10     | Found Pag Viuh's Antique Weapon Emporium.
  9717 | D:10     | Found Rutapn's General Store.
  9774 | D:10     | Found Birourr's Jewellery Boutique.
  9836 | D:10     | Found Qybb's Weapon Shoppe.
  9936 | D:10     | Found a shimmering blue altar of Sif Muna.
 10290 | D:10     | Learned a level 1 spell: Freeze
 10306 | Lair:1   | Entered Level 1 of the Lair of Beasts
 10313 | Lair:1   | Reached ***** piety under Okawaru
 10563 | Lair:1   | Received a gift from Okawaru
 10567 | Lair:1   | Reached XP level 12. HP: 91/108 MP: 11/11
 10784 | Lair:1   | Identified the +1 ring mail "Girhat" {Regen+ rCorr Int+7
                  | Dex-2}
 11844 | Lair:2   | Found a staircase to the Snake Pit.
 11879 | Lair:2   | Reached skill level 14 in Axes
 12635 | D:10     | Bought a +6 ring of strength for 432 gold pieces
 12692 | D:11     | Reached ****** piety under Okawaru
 12692 | D:11     | Received a gift from Okawaru
 12784 | D:11     | Noticed a two-headed ogre
 12791 | D:11     | Killed a two-headed ogre
 12872 | D:11     | Reached XP level 13. HP: 109/117 MP: 12/12
 13468 | D:12     | Noticed Josephine
 13503 | D:12     | Killed Josephine
 13503 | D:12     | Received a gift from Okawaru
 13693 | D:12     | Reached skill level 10 in Throwing
 13897 | D:12     | Learned a level 1 spell: Sting
 14213 | D:13     | Received a gift from Okawaru
 14304 | D:13     | Found a gate to the Vaults.
 14410 | D:13     | Reached skill level 15 in Axes
 14438 | D:13     | Noticed Sonja
 14464 | D:13     | Killed Sonja
 14574 | D:13     | You fall into a shaft and drop 1 floor!
 14959 | D:14     | Noticed Snorg
 14966 | D:14     | Killed Snorg
 14984 | D:14     | Noticed a storm dragon
 14991 | D:14     | Received a gift from Okawaru
 15003 | D:14     | HP: 5/122 [sixfirhy (9)]
 15007 | D:14     | Killed a storm dragon
 15008 | D:14     | Reached XP level 14. HP: 32/129 MP: 13/13
 15118 | D:14     | Got the +1 quick blade of Trauma {elec, Dex+5}
 15828 | Lair:3   | Received a gift from Okawaru
 16577 | Lair:3   | Received a gift from Okawaru
 16872 | Lair:3   | Found a staircase to the Swamp.
 17029 | Lair:4   | Noticed Nessos
 17040 | Lair:4   | Killed Nessos
 17041 | Lair:4   | Reached skill level 16 in Axes
 17073 | Lair:4   | Found a runed translucent door.
 17073 | Lair:4   | Found a shimmering altar of Xom.
 17073 | Lair:4   | Noticed Veeruq's ghost (journeyman DsFi)
 17149 | Lair:4   | Received a gift from Okawaru
 17350 | Lair:4   | Found a viscous altar of Jiyva.
 17350 | Lair:4   | Found a staircase to the Slime Pits.
 17387 | Lair:4   | Reached XP level 15. HP: 139/139 MP: 14/14
 17796 | Lair:4   | Killed Veeruq's ghost
 17869 | Lair:5   | Entered Level 5 of the Lair of Beasts
 17932 | Lair:5   | Identified the +4 chain mail of the Tanner {rC+ Slay+3}
 18048 | Lair:5   | Received a gift from Okawaru
 18644 | Lair:5   | Reached XP level 16. HP: 113/147 MP: 15/15
 18898 | Lair:5   | Received a gift from Okawaru
 18932 | Lair:5   | Reached skill level 15 in Fighting
 19480 | D:10     | Bought a +6 ring of strength for 432 gold pieces
 19524 | Orc:1    | Entered Level 1 of the Orcish Mines
 19595 | Orc:2    | Entered Level 2 of the Orcish Mines
 19722 | Orc:2    | Found Qiss's Book Boutique.
 19762 | Orc:2    | Found Itaexti's Antique Weapon Shop.
 19888 | Orc:2    | Found a staircase to the Elven Halls.
 19908 | Orc:2    | Found Hoeptoc's General Store.
 20039 | Orc:2    | Slain by an orc knight

Illustrated notes

Levels and vault maps discovered:
D:1:      pf_arrival_petrified_forest, layout_basic
D:2:      layout_basic
D:3:      layout_basic, nicolae_ru_awakened_eye, serial_shops,
          nicolae_shop_rolling_square
D:4:      layout_rooms, serial_undead, serial_undead_a, serial_undead_a,
          serial_undead_c, serial_undead_d, serial_undead_a, minmay_door_square,
          st_stairs_14, uniq_menkaure, uniq_sigmund
D:5:      layout_basic, old_standard_altar,
          chequers_temple_overflow_statue_of_worship
D:6:      layout_loops_ring, nicolae_ossuary_entry_plus, uniq_edmund
D:7:      bobbens_index_wilting_gardens, layout_loops_ring,
          mainiacjoe_overflow_concentric_impassable,
          minmay_temple_entry_gardened_gates, enter_bailey_5, uniq_pikel
D:8:      layout_loops_corners, grunt_ministairs_14, hangedman_decor_opposing,
          uniq_psyche
D:9:      layout_loops_ring, vehumet_altar_wand_db, david_orc_3, st_stairs_13,
          hangedman_decor_push, nrook_pool_corridor, minivault_24,
          nicolae_two_hexagons, nicolae_shop_i_like_big_books, nrook_campfire,
          nicolae_good_shop
D:10:     layout_basic, kennysheep_orc_sif_temple, minmay_lair_entry_grove,
          serial_shops, nicolae_stop_n_shop_2, nicolae_shop_hallway_plus,
          nicolae_shop_tiny_waterfront, nicolae_shop_bloodbath_and_beyond,
          nicolae_shop_hallway_plus
D:11:     layout_irregular_city, minivault_14, small_statue_intersection
D:12:     layout_cave_pools, serial_library_hellmonk_h_bend, uniq_josephine
D:13:     layout_rooms, hellmonk_vaults_attempted_burglary, uniq_sonja
D:14:     minmay_shoctagon, layout_irregular_city, abandoned_shop, uniq_snorg
Temple:   minmay_temple_curvy_branch
Lair:1:   layout_cave_pods
Lair:2:   layout_cave_pods, minmay_snake_entry_six_corridors,
          nicolae_lair_run_with_the_wolves
Lair:3:   layout_regular_city, palyth_hydra_swamp_entry
Lair:4:   layout_loops_ring, nicolae_slime_entry_field_trip, ebering_ghost_xom,
          beast_lair_carwin_6, uniq_nessos
Lair:5:   due_jungle_book, layout_gridlike, nzn_sisyphean_effort,
          infiniplex_staircase_pool, grunt_megastairs_5
Orc:1:    layout_diamond_mine, ebering_ghost_xom
Orc:2:    grunt_orc_gardens, layout_caves, grunt_orc_garden, grunt_orc_garden,
          grunt_orc_garden, grunt_orc_garden, nicolae_orc_crystal_geode

Skill      XL: |  1  2  3  4  5  6  7  8  9 10 11 12 13 14 15 16 |
---------------+-------------------------------------------------+-----
Axes           | 3 4 5 7 8 10 12 13 14 15 16 | 16.8
Fighting       | 4 5 6 8 9 10 11 13 14 15 | 15.1
Armour         | 4 5 6 7 9 10 11 13 14 | 14.8
Shields        | 4 5 6 7 9 10 11 13 14 | 14.8
Throwing       | 1 2 3 4 5 6 8 9 10 11 12 13 | 13.1

Action                     |  1- 3 |  4- 6 |  7- 9 | 10-12 | 13-15 | 16-18 || total
---------------------------+-------+-------+-------+-------+-------+-------++-------
  Melee: War axe           |    64 |    76 |   218 |   105 |       |       ||   463
         Headbutt          |     7 |    15 |    45 |   116 |   109 |    44 ||   336
         Broad axe         |       |       |       |   444 |   460 |   115 ||  1019
  Throw: Stone             |    13 |       |       |       |       |       ||    13
         Boomerang         |       |       |    76 |   115 |   107 |    53 ||   351
         Javelin           |       |       |       |    14 |     3 |       ||    17
         Dart              |       |       |       |       |    53 |       ||    53
  Evoke: Wand              |       |       |       |       |     7 |     3 ||    10
    Use: Scroll            |     5 |       |    12 |    13 |     3 |       ||    33
         Potion            |       |       |       |     1 |     8 |       ||     9
   Stab: Paralysed         |       |       |       |       |     1 |       ||     1
 Armour: Scale mail        |    11 |       |       |       |       |       ||    11
         Chain mail        |    44 |    55 |   203 |       |       |       ||   302
         Gold dragon scale |       |       |       |   331 |       |       ||   331
         Plate armour      |       |       |       |    16 |       |       ||    16
         Fire dragon scale |       |       |       |   194 |   167 |       ||   361
         Storm dragon scal |       |       |       |       |   304 |   112 ||   416
  Dodge: Dodged            |    65 |    69 |   191 |   346 |   335 |    61 ||  1067
  Block: Buckler           |    23 |    27 |    78 |   194 |   265 |    64 ||   651

Table legend: (Time is in decaauts)
 A = Elapsed time spent in this place.
 B = Non-inter-level travel time spent in this place.
 C = Inter-level travel time spent in this place.
 D = Time resting spent in this place.
 E = Time spent auto-exploring this place.
 F = Levels seen in this place.
 G = Mean time per level.
                   A        B        C        D        E       F      G
               +--------+--------+--------+--------+--------+-----+--------+
         Total |  20035 |  19343 |    692 |    774 |  11278 |  24 |  834.8 |
       Dungeon |  12877 |  12487 |    390 |    706 |   7216 |  14 |  919.8 |
        Temple |     23 |     23 |      0 |      0 |      0 |   1 |   23.0 |
          Lair |   5752 |   5451 |    301 |     19 |   3595 |   5 | 1150.4 |
  Orcish Mines |    489 |    489 |      0 |      0 |    210 |   2 |  244.5 |
       Ossuary |    391 |    391 |      0 |      0 |    122 |   1 |  391.0 |
        Bailey |    500 |    500 |      0 |     49 |    135 |   1 |  500.0 |
               +--------+--------+--------+--------+--------+-----+--------+

Top non-repeatable levels by time:
     D:7: 1410 daAuts
    D:10: 1396 daAuts
  Lair:5: 1324 daAuts
  Lair:2: 1185 daAuts
  Lair:1: 1173 daAuts
  Lair:3: 1153 daAuts
     D:6: 1119 daAuts
     D:4: 1055 daAuts
     D:5: 1040 daAuts
     D:8: 1025 daAuts
    D:14: 965 daAuts
  Lair:4: 915 daAuts
     D:9: 835 daAuts
    D:11: 815 daAuts
     D:1: 802 daAuts
